 Dungeon Crawl Stone Soup version 0.31.0-32-g396128a36d (webtiles) character file.

Game seed: 13915255780987235798

107 Curundu the Chopper (level 4, 0/41 HPs)
             Began as a Minotaur Berserker on Mar 21, 2024.
             Was a Believer of Trog.
             Killed from afar by an orc wizard (9 damage)
             ... with a magic dart
             ... on level 3 of the Dungeon.
             The game lasted 00:05:28 (2090 turns).

Curundu the Chopper (Minotaur Berserker)            Turns: 2090, Time: 00:05:29

Health: 0/41       AC:  2    Str: 24    XL:     4   Next: 56%
Magic:  3/3        EV: 12    Int:  4    God:    Trog [**....]
Gold:   124        SH:  0    Dex:  9    Spells: 3/3 levels left

rFire   . . .        a - +0 hand axe
rCold   + . .        (no shield)
rNeg    . . .        b - +0 animal skin
rPois   .            (helmet restricted)
rElec   .            (no cloak)
rCorr   .            (no gloves)
SInv    .            (no boots)
Will    .....        (no amulet)
Stlth   +            j - ring of protection from cold
HPRegen 0.26/turn    (no ring)
MPRegen 0.08/turn

%: no passive effects
@: no status effects
A: horns 2, retaliatory headbutt
a: Renounce Religion, Berserk, Trog's Hand


You were on level 3 of the Dungeon.
You worshipped Trog.
Trog was pleased with you.
You visited 1 branch of the dungeon, and saw 3 of its levels.

You collected 124 gold pieces.

Inventory:

Hand Weapons
 a - a +0 hand axe (weapon)
Missiles
 d - 5 boomerangs (quivered)
Armour
 b - a +0 animal skin (worn)
Jewellery
 j - a ring of protection from cold (left hand)
Scrolls
 c - a scroll of poison {unknown}
 f - a scroll of amnesia {unknown}
 g - 4 scrolls of identify {unknown}
 k - 3 scrolls of teleportation {unknown}
 o - 2 scrolls of blinking {unknown}
 p - a scroll of enchant armour {unknown}
 r - a scroll of torment {unknown}
 s - a scroll of vulnerability {unknown}
Potions
 e - 3 potions of degeneration {unknown}
 h - 2 potions of berserk rage {unknown}
 i - a potion of heal wounds {unknown}
 l - a potion of might {unknown}
 m - 2 potions of curing {unknown}
 n - 2 potions of enlightenment {unknown}
 q - 2 potions of attraction {unknown}


   Skills:
 + Level 4.6 Fighting
 + Level 5.1 Axes
 + Level 2.7 Armour
 + Level 3.0 Dodging
 + Level 0.3 Stealth


You had 3 spell levels left.
You didn't know any spells.
Your spell library was empty.

Dungeon Overview and Level Annotations

Branches:
Dungeon (3/15)

Altars:
Ru


Innate Abilities, Weirdness & Mutations

You have a pair of horns on your head.
You reflexively headbutt those who attack you in melee.


Message History

You kill the orc!
Trog accepts your kill.
You feel the effects of Trog's Hand fading.
You slash the orc!
You kill the orc!
Trog accepts your kill.
You slash the orc!
You kill the orc!
Trog accepts your kill.
You closely miss something. Your punch misses something. Something hits you.
You miss something. Your headbutt misses something. Something hits you.
You barely miss something.
Your skin stops crawling.
You feel less strong-willed.
You hear some strange, mumbled words.
You are confused.
You bump into the rock wall.
You hear some strange, mumbled words.
A magic dart appears from out of thin air!
The magic dart hits you!
You bump into the rock wall.
Something hits you but does no damage.
You miss something. Your headbutt misses something.
Something hits you but does no damage.
You bump into the rock wall.
Something hits you but does no damage.
You hit something but do no damage. Something hits you.
You bump into the rock wall.
You feel less confused. Something hits you.
You closely miss something. Something hits you.
You barely miss something. Your headbutt misses something.
You hear some strange, mumbled words.
A puff of flame appears from out of thin air!
The puff of flame hits you!
* * * LOW HITPOINT WARNING * * *
You miss something. Something hits you.
* * * LOW HITPOINT WARNING * * *
You hit something.
You hear some strange, mumbled words.
A magic dart appears from out of thin air!
The magic dart hits you!
You die...

# #.# # #.# #
#.### ###...##
##..##.#
##...#.#
##.#.#<# #
###...##
#...###########
# ##.##
#....{@......#
# #.#
#.#.#########.#
# #.# #.#
####.# #.#
.†.#.# #.#
##.#.# #.#
#....## #<#
..#...# #.#
#.....# #.#


There were no monsters in sight!

Vanquished Creatures
  5 adders (D:2)
  2 dart slugs
  3 orcs (D:3)
  3 endoplasms
  3 giant cockroaches
  A hobgoblin (D:2)
  3 jackals (D:2)
  7 kobolds
  A quokka (D:2)
  5 ball pythons
  9 bats
  7 frilled lizards
  5 goblins
  4 rats
58 creatures vanquished.

Notes
Turn   | Place    | Note
-------+----------+-------------------------------------------
     0 | D:1      | Curundu the Minotaur Berserker began the quest for the Orb.
     0 | D:1      | Reached XP level 1. HP: 19/19 MP: 0/0
   202 | D:1      | Reached XP level 2. HP: 22/27 MP: 1/1
   228 | D:1      | Reached skill level 4 in Axes
   528 | D:1      | Reached ** piety under Trog
   830 | D:2      | Reached XP level 3. HP: 27/33 MP: 2/2
  1237 | D:2      | Reached XP level 4. HP: 40/41 MP: 3/3
  1484 | D:2      | Reached skill level 5 in Axes
  1544 | D:2      | Found a sacrificial altar of Ru.
  1792 | D:3      | Found a faded altar of an unknown god.
  2090 | D:3      | Killed from afar by an orc wizard

Illustrated notes

Levels and vault maps discovered:
D:1:      dpeg_arrival_ternary, layout_basic
D:2:      layout_basic, basic_altar
D:3:      layout_loops_ring, nicolae_ecumenical_oubliette

Skill      XL: |  1  2  3  4 |
---------------+-------------+-----
Axes           | 4 5 |  5.1
Fighting       | 4 |  4.6
Dodging        | 3 |  3.0
Armour         | |  2.7
Stealth        | |  0.3

Action                     |  1- 3 |  4- 6 || total
---------------------------+-------+-------++-------
  Melee: Hand axe          |    80 |    40 ||   120
         Headbutt          |     9 |     5 ||    14
         Punch             |     1 |       ||     1
 Invoke: Trog's Hand       |       |     1 ||     1
 Armour: Animal skin       |    62 |    26 ||    88
  Dodge: Dodged            |    59 |    21 ||    80
